 Dungeon Crawl Stone Soup version 0.21.0-3-g78d12a8 (webtiles) character file.

65599 Hisonoko the Severer (level 14, -1/127 HPs)
             Began as a Minotaur Berserker on Jan 11, 2018.
             Was a High Priest of Trog.
             Killed from afar by a shock serpent (23 damage)
             ... with a bolt of electricity
             ... on level 2 of the Snake Pit on Jan 12, 2018.
             The game lasted 01:25:32 (24186 turns).

Hisonoko the Severer (Minotaur Berserker)          Turns: 24186, Time: 01:25:33

Health: -1/127     AC: 21    Str: 30    XL:     14   Next: 76%
Magic:  0/13       EV: 10    Int:  4    God:    Trog [*****.]
Gold:   911        SH:  0    Dex:  9    Spells: 13/13 levels left

rFire    . . .     SeeInvis .   U - +8 battleaxe of Fadah {freeze, Str+4 Dex-2}
rCold    . . .     Gourm    .   (shield currently unavailable)
rNeg     . . .     Faith    .   w - +0 plate armour {MR+}
rPois    +         Spirit   +   (helmet restricted)
rElec    .         Reflect  .   (no cloak)
rCorr    +         Harm     .   A - +2 pair of gloves {archery}
MR       ++...                  l - +0 pair of boots
Stlth    ..........             W - amulet of guardian spirit
HPRegen  0.31/turn              H - ring of poison resistance
MPRegen  0.13/turn              o - ring of resist corrosion

@: no status effects
A: retaliatory headbutt, horns 2
a: Berserk, Trog's Hand, Brothers in Arms, Burn Spellbooks, Renounce Religion


You were on level 2 of the Snake Pit.
You worshipped Trog.
Trog was extremely pleased with you.
You were not hungry.

You visited 4 branches of the dungeon, and saw 22 of its levels.

You collected 1669 gold pieces.
You spent 758 gold pieces at shops.

Inventory:

Hand Weapons
 y - the +5 war axe of Sin {vamp, rPois rF+}
   (You bought it in a shop on level 8 of the Dungeon)

   It inflicts no extra harm, but heals its wielder when it wounds a living foe.
   It protects you from fire.
   It protects you from poison.
 Q - a +4 battleaxe of venom
 S - a +1 antimagic executioner's axe
 U - the +8 battleaxe of Fadah (weapon) {freeze, Str+4 Dex-2}
   (Trog gifted it to you on level 13 of the Dungeon)

   It has been specially enchanted to freeze those struck by it, causing extra
   injury to most foes and up to half again as much damage against particularly
   susceptible opponents.
   It can also slow down cold-blooded creatures.
   It affects your strength (+4).
   It affects your dexterity (-2).
Armour
 l - a +0 pair of boots (worn)
 t - a +1 ring mail of cold resistance
 w - a +0 plate armour of magic resistance (worn)
 z - a +0 plate armour
 A - a +2 pair of gloves of archery (worn)
Jewellery
 a - a +4 ring of evasion
 o - a ring of resist corrosion (right hand)
 q - an uncursed ring of protection from fire
 H - a ring of poison resistance (left hand)
 K - an uncursed ring of protection from cold {unknown}
 N - a +2 ring of dexterity
 T - an uncursed ring of stealth
 V - an uncursed ring of protection from cold {unknown}
 W - an amulet of guardian spirit (around neck)
 Y - an uncursed ring of protection from magic {unknown}
Wands
 x - a wand of acid (25)
 B - a wand of flame (107)
 I - a wand of polymorph (31)
 P - a wand of clouds (4)
 X - a wand of digging (13)
Scrolls
 b - 10 scrolls of teleportation
 e - a scroll of noise {unknown}
 h - 2 scrolls of magic mapping
 i - 18 scrolls of remove curse
 s - 3 scrolls of enchant armour
 u - 3 scrolls of immolation
 C - 5 scrolls of blinking {unknown}
 D - 2 scrolls of fear {unknown}
 F - a scroll of vulnerability {unknown}
 J - 3 scrolls of holy word {unknown}
 M - 3 scrolls of fog {unknown}
 O - 3 scrolls of enchant weapon {unknown}
 R - a scroll of acquirement {unknown}
 Z - 3 scrolls of silence {unknown}
Potions
 d - 3 potions of invisibility {unknown}
 f - 3 potions of berserk rage {unknown}
 g - 6 potions of flight
 j - 2 potions of heal wounds {unknown}
 k - 8 potions of lignification {unknown}
 m - 3 potions of degeneration {unknown}
 n - 9 potions of curing
 p - 4 potions of agility
 r - 4 potions of mutation {unknown}
 v - 5 potions of brilliance {unknown}
 E - 2 potions of might {unknown}
 G - a potion of cancellation
 L - 5 potions of magic {unknown}
Comestibles
 c - 26 rations


   Skills:
 + Level 12.6 Fighting
 * Level 18.9(20.1) Axes
   Level 12.9(17.3) Maces & Flails
 + Level 14.4 Armour
 + Level 3.9 Dodging
 + Level 2.1 Stealth
   Level 5.4 Shields
 + Level 0.7 Evocations


You had 13 spell levels left.
You didn't know any spells.

Dungeon Overview and Level Annotations

Branches:
Dungeon (14/15)            Temple (1/1) D:6            Lair (5/6) D:10
  Swamp (0/4) Lair:2        Snake (2/4) Lair:3        Slime (0/5) Lair:5
    Orc (0/2) D:11         Vaults (0/5) D:14

Altars:
Ashenzari
Cheibriados
Dithmenos
Elyvilon
Fedhas
Gozag
Hepliaklqana
Kikubaaqudgha
Makhleb
Nemelex Xobeh
Okawaru
Qazlal
Ru
Sif Muna
Trog
Uskayaw
Vehumet
Wu Jian
Xom
Yredelemnul
Zin
The Shining One
Jiyva

Shops:
D:8 (   D:9 }   D:14 ?

Portals:
Trove: D:14 (give +6 fire dragon scales)

Annotations:
D:12 exclusion: 2 statues


Innate Abilities, Weirdness & Mutations

You reflexively headbutt those who attack you in melee.
You have a pair of horns on your head.


Message History

You freeze the shock serpent.
The shock serpent is almost dead.
The shock serpent's electric aura discharges, shocking you!
You hear a shout!
The shock serpent bites you! The shock serpent shocks you!
You closely miss the shock serpent.
The shock serpent is almost dead.
The naga warrior spits poison at you. The splash of poison hits you!
You resist.
You closely miss the shock serpent.
The shock serpent is almost dead.
The shock serpent shoots out a bolt of lightning at you!
The bolt of electricity hits you!
The shock serpent is no longer moving slowly.
The shock serpent shoots out a bolt of lightning at you!
The bolt of electricity hits you!
* * * LOW HITPOINT WARNING * * *
The shock serpent shoots out a bolt of lightning at you!
The bolt of electricity hits you!
You die...

##...# ##..###
##...# # ##....#
NS ##.....# #...
###......## ....?
#.........##.....[
#.................
#<..@.S.....N.....
#.....N....)......
#.)........#...(..
##........##....##
#.......## #..##
#....##.# #.#
...##..#. .. ##.##
#.... ... ...


You could see a naga warrior and a shock serpent.

Vanquished Creatures
  Snorg (D:14)
  A fire dragon (D:14)
  Josephine (Lair:5)
  4 vault guards (D:14)
  The ghost of Gaball the Fighter, a novice OgMo of Jiyva (Lair:2)
  Harold (D:11)
  4 hydras
  A naga warrior (Snake:1)
  A catoblepas (Lair:4)
  The ghost of kegs the Cleaver, a novice HOFi of Okawaru (D:10)
  Erica (D:11)
  4 centaur warriors
  A naga sharpshooter (Snake:1)
  Urug (Lair:5)
  A shock serpent (Snake:1)
  2 unseen horrors
  A lindwurm (Lair:5)
  Pikel (D:7)
  9 ugly things
  A manticore (D:14)
  A salamander (Snake:1)
  8 oklob plants
  2 cyclopes
  2 naga magi
  9 black mambas
  Psyche (D:9)
  10 spiny frogs
  3 gargoyles
  2 efreet
  2 rime drakes
  5 komodo dragons
  A kobold demonologist (D:13)
  The ghost of Daviar the Chopper, an amateur HOFi (D:4)
  3 meliai (D:13)
  2 trolls
  A polar bear (Lair:5)
  2 hornets (Lair:5)
  9 hippogriffs
  5 dream sheep (Lair:4)
  17 blink frogs
  4 wyverns
  A shadow (D:12)
  9 wraiths
  29 yaks
  Eustachio (D:6)
  3 basilisks
  10 vampire mosquitoes
  Menkaure (D:4)
  A warg (D:11)
  6 swamp worms (Lair:2)
  9 nagas
  12 water moccasins
  11 porcupines
  3 black bears
  7 orc warriors
  4 ice beasts
  A necrophage (D:10)
  3 ogres
  4 phantoms
  An eye of draining (D:12)
  15 centaurs
  14 crocodiles
  3 big kobolds
  12 bullfrogs
  6 scorpions
  5 killer bees (D:11)
  3 howler monkeys
  2 electric eels
  9 crimson imps
  A bullfrog zombie (D:8)
  A centaur zombie (D:10)
  6 jellies
  5 hounds
  12 orc priests
  2 bullfrog skeletons
  4 centaur skeletons
  4 iguanas
  Natasha (thrice) (D:5)
  Ijyb (D:5)
  Jessica (D:2)
  5 hell rats (Lair:4)
  15 orc wizards
  6 worker ants
  A worker ant zombie (D:7)
  Robin (D:2)
  8 adders
  3 shadow imps
  8 oozes
  3 adder skeletons
  2 worms (D:2)
  4 dart slugs
  4 leopard geckos
  49 orcs
  A ball python (D:2)
  4 bats
  7 giant cockroaches
  11 goblins
  15 hobgoblins
  16 jackals
  19 kobolds
  6 quokkas
  5 frilled lizards
  4 rats
  3 fungi
  32 plants
585 creatures vanquished.

Vanquished Creatures (collateral kills)
  A two-headed ogre (D:10)
1 creature vanquished.

Vanquished Creatures (others)
  A shadow imp (D:8)
  7 fungi (D:10)
  8 plants
16 creatures vanquished.

Grand Total: 602 creatures vanquished

Notes
Turn   | Place    | Note
-------+----------+-------------------------------------------
     0 | D:1      | Hisonoko the Minotaur Berserker began the quest for the Orb.
     0 | D:1      | Reached XP level 1. HP: 19/19 MP: 0/0
    35 | D:1      | Reached XP level 2. HP: 27/27 MP: 1/1
   273 | D:1      | Reached ** piety under Trog
   582 | D:1      | Reached XP level 3. HP: 33/33 MP: 2/2
  1121 | D:2      | Noticed Robin
  1135 | D:2      | Killed Robin
  1186 | D:2      | Reached XP level 4. HP: 23/41 MP: 3/3
  1480 | D:2      | Noticed Jessica
  1485 | D:2      | Killed Jessica
  1485 | D:2      | Reached skill level 5 in Maces & Flails
  1561 | D:2      | Found a snail-covered altar of Cheibriados.
  1955 | D:3      | Reached *** piety under Trog
  1978 | D:3      | Reached XP level 5. HP: 47/47 MP: 4/4
  1990 | D:3      | HP: 2/47 [orc priest/divine providence (15)]
  2016 | D:3      | Found a shimmering altar of Xom.
  2016 | D:3      | Found a shimmering altar of Xom.
  2017 | D:3      | Found a shimmering altar of Xom.
  2018 | D:3      | Found a shimmering altar of Xom.
  2026 | D:3      | Found a shimmering altar of Xom.
  2027 | D:3      | Found a shimmering altar of Xom.
  2075 | D:3      | Found a glowing drain.
  2329 | D:3      | Noticed Natasha
  2586 | D:4      | Found Zin's Purification Station.
  2594 | D:4      | Found a glowing silver altar of Zin.
  2601 | D:4      | Bought a potion of curing for 90 gold pieces
  2641 | D:4      | Reached XP level 6. HP: 51/55 MP: 5/5
  2642 | D:4      | Reached skill level 5 in Fighting
  2675 | D:4      | Noticed Menkaure
  3008 | D:4      | Reached skill level 1 in Stealth
  3031 | D:4      | Noticed Daviar's ghost (amateur HOFi)
  3039 | D:4      | Killed Menkaure
  3047 | D:4      | Killed Daviar's ghost
  3047 | D:4      | Reached XP level 7. HP: 17/62 MP: 6/6
  3357 | D:4      | Reached skill level 5 in Armour
  3380 | D:4      | Reached **** piety under Trog
  3713 | D:5      | Entered Level 5 of the Dungeon
  3717 | D:5      | Killed Natasha
  3850 | D:5      | Noticed Ijyb
  3872 | D:5      | Killed Ijyb
  3950 | D:5      | Reached XP level 8. HP: 31/71 MP: 7/7
  4238 | D:5      | Noticed Natasha
  4243 | D:5      | Killed Natasha
  4363 | D:5      | Found an ancient bone altar of Kikubaaqudgha.
  4453 | D:5      | Found a shadowy altar of Dithmenos.
  4610 | D:5      | Noticed Natasha
  4616 | D:5      | Killed Natasha
  4718 | D:6      | Noticed Eustachio
  4739 | D:6      | Killed Eustachio
  5183 | D:6      | Found a blossoming altar of Fedhas.
  5382 | D:6      | Found a staircase to the Ecumenical Temple.
  5404 | D:6      | Reached skill level 10 in Maces & Flails
  5547 | D:6      | Found a hazy altar of Hepliaklqana.
  5677 | D:6      | Found a white marble altar of Elyvilon.
  5968 | Temple   | Entered the Ecumenical Temple
  6331 | D:7      | Reached XP level 9. HP: 58/79 MP: 8/8
  6599 | D:7      | Noticed Pikel
  6619 | D:7      | Killed Pikel
  7310 | D:8      | Found Tuts's Weapon Boutique.
  7983 | D:8      | Found a bloodstained altar of Trog.
  8029 | D:8      | Found an iron altar of Okawaru.
  8031 | D:8      | Found a deep blue altar of Sif Muna.
  8348 | D:9      | Found Jomugrel's Gadget Shoppe.
  8371 | D:9      | Noticed Psyche
  8479 | D:9      | Reached skill level 1 in Shields
  8575 | D:9      | Killed Psyche
  8575 | D:9      | Reached XP level 10. HP: 87/90 MP: 9/9
  8869 | D:9      | Reached skill level 10 in Armour
  8874 | D:9      | Found a shattered altar of Ashenzari.
  8929 | D:10     | Entered Level 10 of the Dungeon
  9053 | D:10     | Reached ***** piety under Trog
  9383 | D:10     | HP: 4/90 [something (2)]
  9387 | D:10     | Killed an unseen horror
  9478 | D:10     | Noticed kegs's ghost (novice HOFi)
  9492 | D:10     | Killed kegs's ghost
  9931 | D:10     | Noticed a two-headed ogre
  9937 | D:10     | Killed a two-headed ogre
 10233 | D:10     | Found a staircase to the Lair.
 10693 | D:11     | Noticed a gargoyle
 10701 | D:11     | Killed a gargoyle
 10701 | D:11     | Reached XP level 11. HP: 97/97 MP: 10/10
 10873 | D:8      | Bought the +5 war axe of Sin {vamp, rPois rF+} for 590 gold pieces
 11010 | D:11     | Noticed a red ugly thing
 11019 | D:11     | Killed a red ugly thing
 11019 | D:11     | Reached skill level 1 in Axes
 11046 | D:11     | Received a gift from Trog
 11345 | D:11     | Noticed Harold
 11370 | D:11     | Killed Harold
 11370 | D:11     | Reached skill level 3 in Axes
 11541 | D:11     | Noticed a purple ugly thing
 11546 | D:11     | Killed a purple ugly thing
 11546 | D:11     | Reached skill level 4 in Axes
 11633 | D:11     | Found a staircase to the Orcish Mines.
 11660 | D:11     | Reached skill level 5 in Axes
 11874 | D:11     | Noticed Erica
 11882 | D:11     | Killed Erica
 11882 | D:11     | Reached skill level 6 in Axes
 11955 | D:12     | Reached skill level 7 in Axes
 12077 | D:12     | Reached skill level 8 in Axes
 12658 | D:12     | Reached skill level 10 in Fighting
 12660 | D:12     | Reached skill level 9 in Axes
 12849 | D:12     | Noticed an archer statue
 12854 | D:12     | Noticed an archer statue
 13331 | D:12     | Reached XP level 12. HP: 106/106 MP: 11/11
 13469 | D:13     | Reached skill level 10 in Axes
 13631 | D:13     | Noticed a centaur warrior
 13640 | D:13     | Killed a centaur warrior
 13640 | D:13     | Reached skill level 11 in Axes
 13640 | D:13     | Reached skill level 5 in Shields
 13811 | D:13     | Received a gift from Trog
 13814 | D:13     | Got a smoking battleaxe {god gift}
 13815 | D:13     | Noticed a centaur warrior
 13831 | D:13     | Killed a centaur warrior
 13837 | D:13     | Identified the +8 battleaxe of Fadah {freeze, Str+4 Dex-2} (Trog gifted it to you on level 13 of the Dungeon)
 14545 | D:14     | Noticed a centaur warrior
 14556 | D:14     | Killed a centaur warrior
 14556 | D:14     | Reached skill level 12 in Axes
 14893 | D:14     | Found a gate to the Vaults.
 14893 | D:14     | Noticed a vault guard
 14893 | D:14     | Noticed a vault guard
 14893 | D:14     | Noticed a fire dragon
 14893 | D:14     | Noticed a vault guard
 14894 | D:14     | Noticed a centaur warrior
 14894 | D:14     | Noticed a vault guard
 14900 | D:14     | Killed a vault guard
 14902 | D:14     | Killed a vault guard
 14902 | D:14     | Reached skill level 13 in Axes
 14903 | D:14     | Killed a vault guard
 14904 | D:14     | Killed a fire dragon
 14904 | D:14     | Killed a centaur warrior
 14905 | D:14     | Killed a vault guard
 14909 | D:14     | Reached skill level 14 in Axes
 14909 | D:14     | Reached XP level 13. HP: 83/115 MP: 6/12
 15188 | D:14     | HP: 5/115 [white ugly thing (23)]
 15587 | D:14     | Found a portal to a secret trove of treasure.
 15721 | D:14     | Noticed Snorg
 15726 | D:14     | Killed Snorg
 16067 | D:14     | Found Meinn's Magic Scroll Shop.
 16071 | D:14     | Bought a scroll of identify for 26 gold pieces
 16071 | D:14     | Bought a scroll of remove curse for 39 gold pieces
 16071 | D:14     | Bought a scroll of random uselessness for 13 gold pieces
 16391 | Lair:1   | Entered Level 1 of the Lair of Beasts
 16532 | Lair:1   | Reached skill level 15 in Axes
 17574 | Lair:2   | Noticed Gaball's ghost (novice OgMo)
 17588 | Lair:2   | Killed Gaball's ghost
 17808 | Lair:2   | Reached skill level 16 in Axes
 17828 | Lair:2   | Found a staircase to the Swamp.
 18136 | Lair:2   | Received a gift from Trog
 18654 | Lair:3   | Found a staircase to the Snake Pit.
 19514 | Lair:4   | Reached XP level 14. HP: 108/125 MP: 11/13
 19659 | Lair:4   | Reached skill level 17 in Axes
 19660 | Lair:4   | Received a gift from Trog
 20523 | Lair:5   | Noticed Josephine
 20537 | Lair:5   | Killed Josephine
 20858 | Lair:5   | Noticed Urug
 20868 | Lair:5   | Killed Urug
 20901 | Lair:5   | Reached skill level 18 in Axes
 21964 | Lair:5   | Found a runed door.
 21966 | Lair:5   | Found a viscous altar of Jiyva.
 21967 | Lair:5   | Found a staircase to the Slime Pits.
 22372 | Snake:1  | Entered Level 1 of the Snake Pit
 24186 | Snake:2  | Killed from afar by a shock serpent

Skill      XL: |  1  2  3  4  5  6  7  8  9 10 11 12 13 14 |
---------------+-------------------------------------------+-----
Fighting       | 4 5 6 7 8 9 10 11 12 | 12.6
Maces & Flails | 4 5 6 8 10 12 | 12.9
Armour         | 3 4 5 7 9 11 12 13 14 | 14.4
Stealth        | 1 2 |  2.1
Dodging        | 3 |  3.9
Shields        | 1 4 5 |  5.4
Axes           | 9 14 16 18 | 18.9
Evocations     | |  0.7

Action                   |  1- 3 |  4- 6 |  7- 9 | 10-12 | 13-15 || total
-------------------------+-------+-------+-------+-------+-------++-------
Melee: Mace              |    74 |   160 |   353 |   242 |       ||   829
       Headbutt          |     5 |    26 |    55 |   149 |   121 ||   356
       War axe           |       |       |       |   328 |       ||   328
       Battleaxe         |       |       |       |    47 |   571 ||   618
Invok: Berserk           |     2 |     2 |     1 |     4 |       ||     9
       Burn Spellbooks   |       |     1 |       |       |     2 ||     3
       Trog's Hand       |       |     1 |       |     1 |       ||     2
       Brothers in Arms  |       |       |       |     1 |       ||     1
Evoke: Wand              |       |       |       |     4 |       ||     4
  Use: Scroll            |     1 |     3 |     2 |     6 |     7 ||    19
       Potion            |       |       |       |     2 |     3 ||     5
 Stab: Sleeping          |     1 |       |       |       |       ||     1
  Eat: Chunk             |     2 |     8 |    19 |    19 |    17 ||    65
       Ration            |       |       |       |     3 |     4 ||     7
Armor: Animal skin       |     9 |       |       |       |       ||     9
       Ring mail         |     8 |     6 |       |       |       ||    14
       Chain mail        |       |    96 |    16 |       |       ||   112
       Plate armour      |       |       |   186 |   422 |   261 ||   869
Dodge: Dodged            |    35 |    89 |   101 |   211 |   186 ||   622
Block: Buckler           |       |       |    32 |   111 |       ||   143
